TOP OF THE 1ST |
La Crosse Loggers batting - Pitching for Red Deer Wranglers : RHP William Bryant
|
Pitching: RHP William Bryant
|
|
Batting: RHB Troy Reed
|
0-0: Called Strike 0-1: Ground out 6-3 (Groundball, 6)
|
Batting: RHB Robert Acosta
|
0-0: Called Strike 0-1: Ball 1-1: Ball 2-1: Ball 3-1: Swinging Strike 3-2: Foul Ball, location: 2F 3-2: Strikes out swinging
|
Batting: RHB Júlio Sánchez
|
0-0: Ground out 1-3 (Groundball, 15)
|
Top of the 1st over - 0 run(s), 0 hit(s), 0 error(s), 0 left on base; La Crosse 0 - Red Deer 0 |
BOTTOM OF THE 1ST |
Red Deer Wranglers batting - Pitching for La Crosse Loggers : RHP Don Briggs
|
Pitching: RHP Don Briggs
|
|
Batting: RHB Tom Rowe
|
0-0: Called Strike 0-1: Ball 1-1: Ball 2-1: Foul Ball, location: 2F 2-2: Strikes out swinging
|
Batting: RHB Paul Swift
|
0-0: Ball 1-0: Called Strike 1-1: Fly out, F9 (Flyball, 9LM)
|
Batting: LHB Greg Nelson
|
0-0: Called Strike 0-1: Ball 1-1: Foul Ball, location: 2F 1-2: SINGLE (Line Drive, 56)
|
Batting: LHB Enrico Vargas
|
0-0: Foul Ball, location: 2F 0-1: Ball 1-1: Called Strike 1-2: Foul Ball, location: 2F 1-2: Fly out, F3 (Line Drive, 3)
|
Bottom of the 1st over - 0 run(s), 1 hit(s), 0 error(s), 1 left on base; La Crosse 0 - Red Deer 0 |
TOP OF THE 2ND |
La Crosse Loggers batting - Pitching for Red Deer Wranglers : RHP William Bryant
|
Batting: LHB Brock Miller
|
0-0: Called Strike 0-1: Foul Ball, location: 2F 0-2: Fly out, F7 (Flyball, 7M)
|
Batting: RHB Francisco Rodríguez
|
0-0: Ball 1-0: Ball 2-0: Ground out 6-3 (Groundball, 6M)
|
Batting: RHB Andrés Bustamante
|
0-0: Called Strike 0-1: Called Strike 0-2: Strikes out swinging
|
Top of the 2nd over - 0 run(s), 0 hit(s), 0 error(s), 0 left on base; La Crosse 0 - Red Deer 0 |
BOTTOM OF THE 2ND |
Red Deer Wranglers batting - Pitching for La Crosse Loggers : RHP Don Briggs
|
Batting: LHB Del Kennedy
|
0-0: Called Strike 0-1: Called Strike 0-2: Foul Ball, location: 2F 0-2: Fly out, F7 (Flyball, 7LM)
|
Batting: RHB Carlos Peńa
|
0-0: Foul Ball, location: 2F 0-1: Ball 1-1: Swinging Strike 1-2: Ball 2-2: Foul Ball, location: 2F 2-2: Fly out, F7 (Flyball, 7M)
|
Batting: LHB Fred Abrams
|
0-0: Called Strike 0-1: Foul Ball, location: 2F 0-2: Foul Ball, location: 2F 0-2: Strikes out swinging
|
Bottom of the 2nd over - 0 run(s), 0 hit(s), 0 error(s), 0 left on base; La Crosse 0 - Red Deer 0 |
TOP OF THE 3RD |
La Crosse Loggers batting - Pitching for Red Deer Wranglers : RHP William Bryant
|
Batting: RHB Jesús Silva
|
0-0: Ball 1-0: Ball 2-0: Ball 3-0: Base on Balls
|
Batting: RHB Paul Richard
|
0-0: Grounds into double play, 4-6-3 (Groundball, 4)
|
Batting: RHB James Jenkins
|
0-0: Foul Ball, location: 2F 0-1: Ball 1-1: Foul Ball, location: 2F 1-2: SOLO HOME RUN (Flyball, 78XD), Distance : 410 ft
|
Batting: RHB Troy Reed
|
0-0: Ball 1-0: Ball 2-0: Ball 3-0: Called Strike 3-1: Base on Balls
|
Batting: RHB Robert Acosta
|
0-0: Ball Troy Reed steals 2nd base 1-0: Ground out 6-3 (Groundball, 6)
|
Top of the 3rd over - 1 run(s), 1 hit(s), 0 error(s), 1 left on base; La Crosse 1 - Red Deer 0 |
BOTTOM OF THE 3RD |
Red Deer Wranglers batting - Pitching for La Crosse Loggers : RHP Don Briggs
|
Batting: LHB Andrew Veeck
|
0-0: Called Strike 0-1: Fly out, F7 (Flyball, 78M)
|
Batting: RHB Juan Carlos Alfonzo
|
0-0: Fly out, F8 (Flyball, 8LM)
|
Batting: RHB Tom Rowe
|
0-0: Called Strike 0-1: Called Strike 0-2: Ball 1-2: Strikes out swinging
|
Bottom of the 3rd over - 0 run(s), 0 hit(s), 0 error(s), 0 left on base; La Crosse 1 - Red Deer 0 |
TOP OF THE 4TH |
La Crosse Loggers batting - Pitching for Red Deer Wranglers : RHP William Bryant
|
Batting: RHB Júlio Sánchez
|
0-0: Ball 1-0: Called Strike 1-1: Swinging Strike 1-2: Foul Ball, location: 2F 1-2: Ball 2-2: SINGLE (Groundball, 6MD)
|
Batting: LHB Brock Miller
|
0-0: Ball 1-0: Called Strike 1-1: Foul Ball, location: 2F 1-2: Strikes out swinging
|
Batting: RHB Francisco Rodríguez
|
0-0: Called Strike 0-1: Ball 1-1: Called Strike 1-2: Ball 2-2: Foul Ball, location: 2F 2-2: Foul Ball, location: 2F 2-2: Strikes out swinging
|
Batting: RHB Andrés Bustamante
|
0-0: Called Strike 0-1: Ball 1-1: Called Strike 1-2: Strikes out looking
|
Top of the 4th over - 0 run(s), 1 hit(s), 0 error(s), 1 left on base; La Crosse 1 - Red Deer 0 |
BOTTOM OF THE 4TH |
Red Deer Wranglers batting - Pitching for La Crosse Loggers : RHP Don Briggs
|
Batting: RHB Paul Swift
|
0-0: Ball 1-0: Ball 2-0: Ball 3-0: Swinging Strike 3-1: Base on Balls
|
Batting: LHB Greg Nelson
|
0-0: Called Strike 0-1: Ball 1-1: Ball 2-1: Swinging Strike 2-2: Foul Ball, location: 2F 2-2: Ball 3-2: Foul Ball, location: 2F 3-2: SINGLE (Line Drive, 89M) Paul Swift to second
|
Batting: LHB Enrico Vargas
|
0-0: Ball 1-0: Called Strike 1-1: Called Strike 1-2: Ball 2-2: Ball 3-2: SINGLE (Line Drive, 4M) Paul Swift to third Greg Nelson to second
|
Batting: LHB Del Kennedy
|
0-0: Called Strike 0-1: GRAND SLAM HOME RUN (Flyball, 9LD), Distance : 332 ft
|
Batting: RHB Carlos Peńa
|
0-0: Ball 1-0: Foul Ball, location: 2F 1-1: Ball 2-1: Called Strike 2-2: Foul Ball, location: 2F 2-2: Foul Ball, location: 2F 2-2: Ball 3-2: SINGLE (Groundball, 34D) (infield hit)
|
Batting: LHB Fred Abrams
|
0-0: Ball 1-0: Ball 2-0: Ball 3-0: Base on Balls Carlos Peńa to second
|
Batting: LHB Andrew Veeck
|
0-0: Ground out 4-3 (Groundball, 4MS) Carlos Peńa to third Fred Abrams to second
|
Batting: RHB Juan Carlos Alfonzo
|
0-0: Called Strike 0-1: Ball 1-1: Called Strike 1-2: Fly out, F9 (Flyball, 89M) Runner from 3rd tags up, SCORES, no throw
|
Batting: RHB Tom Rowe
|
0-0: Foul Ball, location: 2F 0-1: Ball 1-1: Foul Ball, location: 2F 1-2: Hit by Pitch
|
Batting: RHB Paul Swift
|
0-0: Called Strike 0-1: Called Strike 0-2: Ball 1-2: Ball 2-2: Strikes out looking
|
Bottom of the 4th over - 5 run(s), 4 hit(s), 0 error(s), 2 left on base; La Crosse 1 - Red Deer 5 |
TOP OF THE 5TH |
La Crosse Loggers batting - Pitching for Red Deer Wranglers : RHP William Bryant
|
Batting: RHB Jesús Silva
|
0-0: Called Strike 0-1: Foul Ball, location: 2F 0-2: Ball 1-2: Foul Ball, location: 2F 1-2: Strikes out swinging
|
Batting: RHB Paul Richard
|
0-0: Ball 1-0: Foul Ball, location: 2F 1-1: Reached on error, E6 (Groundball, 6)
|
Batting: RHB James Jenkins
|
0-0: Called Strike 0-1: Ball 1-1: Foul Ball, location: 2F 1-2: Ball Paul Richard steals 2nd base 2-2: Ball 3-2: Foul Ball, location: 2F 3-2: Base on Balls
|
Batting: RHB Troy Reed
|
0-0: Ball 1-0: Ball 2-0: SINGLE (Groundball, 4S) (infield hit) Paul Richard to third James Jenkins to second
|
Batting: RHB Robert Acosta
|
0-0: Ball 1-0: Ball 2-0: Ball 3-0: Called Strike 3-1: Base on Balls Paul Richard scores James Jenkins to third Troy Reed to second
|
Batting: RHB Júlio Sánchez
|
0-0: Ball 1-0: Grounds into double play, 4-6-3 (Groundball, 4)
|
Top of the 5th over - 1 run(s), 1 hit(s), 1 error(s), 2 left on base; La Crosse 2 - Red Deer 5 |
BOTTOM OF THE 5TH |
Red Deer Wranglers batting - Pitching for La Crosse Loggers : RHP Don Briggs
|
Pitching: LHP Marty Blasingame
|
|
Batting: LHB Greg Nelson
|
0-0: Called Strike 0-1: SINGLE (Flyball, 7LS)
|
Batting: LHB Enrico Vargas
|
0-0: Ball 1-0: Grounds into double play, U6-3 (Groundball, 6)
|
Batting: LHB Del Kennedy
|
0-0: Foul Ball, location: 2F 0-1: Ball 1-1: Called Strike 1-2: Ball 2-2: Strikes out swinging
|
Bottom of the 5th over - 0 run(s), 1 hit(s), 0 error(s), 0 left on base; La Crosse 2 - Red Deer 5 |
TOP OF THE 6TH |
La Crosse Loggers batting - Pitching for Red Deer Wranglers : RHP William Bryant
|
Batting: LHB Brock Miller
|
0-0: Foul Ball, location: 2F 0-1: Ball 1-1: Foul Ball, location: 2F 1-2: Ball 2-2: Ball 3-2: Ground out 1-3 (Groundball, 23)
|
Batting: RHB Francisco Rodríguez
|
0-0: Called Strike 0-1: Fly out, F6 (Line Drive, 6)
|
Batting: RHB Andrés Bustamante
|
0-0: Ball 1-0: Foul Ball, location: 2F 1-1: SINGLE (Groundball, 56D)
|
Batting: RHB Jesús Silva
|
0-0: Ball 1-0: Foul Ball, location: 2F 1-1: Reached on error, E1 (Groundball, 15S) Andrés Bustamante to second
|
Pitching: LHP Manuel Gil
|
|
Batting: RHB Paul Richard
|
0-0: Ball 1-0: Called Strike 1-1: Swinging Strike 1-2: Foul Ball, location: 2F 1-2: Ball 2-2: Foul Ball, location: 2F 2-2: Strikes out swinging
|
Top of the 6th over - 0 run(s), 1 hit(s), 1 error(s), 2 left on base; La Crosse 2 - Red Deer 5 |
BOTTOM OF THE 6TH |
Red Deer Wranglers batting - Pitching for La Crosse Loggers : LHP Marty Blasingame
|
Batting: RHB Carlos Peńa
|
0-0: Ball 1-0: Ball 2-0: Foul Ball, location: 2F 2-1: Foul Ball, location: 2F 2-2: Foul Ball, location: 2F 2-2: Ball 3-2: SINGLE (Groundball, 56D)
|
Batting: LHB Fred Abrams
|
0-0: Ball 1-0: Ball 2-0: Ball 3-0: Called Strike 3-1: Foul Ball, location: 2F 3-2: Foul Ball, location: 2F 3-2: Base on Balls Carlos Peńa to second
|
Batting: LHB Andrew Veeck
|
0-0: Ball 1-0: Ball 2-0: SINGLE (Line Drive, 34) Carlos Peńa to third Fred Abrams to second
|
Batting: RHB Juan Carlos Alfonzo
|
0-0: Ball 1-0: Called Strike 1-1: Foul Ball, location: 2F 1-2: Foul Ball, location: 2F 1-2: Foul Ball, location: 2F 1-2: Foul Ball, location: 2F 1-2: Strikes out swinging
|
Batting: RHB Tom Rowe
|
0-0: Called Strike 0-1: Foul Ball, location: 2F 0-2: Ball 1-2: Ball 2-2: Foul Ball, location: 2F 2-2: Ball 3-2: Fly out, F9 (Flyball, 9S)
|
Batting: RHB Paul Swift
|
0-0: Called Strike 0-1: Ball 1-1: Ball 2-1: Fielders Choice at 2nd, U4 (Groundball, 4M)
|
Bottom of the 6th over - 0 run(s), 2 hit(s), 0 error(s), 3 left on base; La Crosse 2 - Red Deer 5 |
TOP OF THE 7TH |
La Crosse Loggers batting - Pitching for Red Deer Wranglers : LHP Manuel Gil
|
Batting: RHB James Jenkins
|
0-0: Foul Ball, location: 2F 0-1: Called Strike 0-2: Ball 1-2: Foul Ball, location: 2F 1-2: Ball 2-2: Strikes out swinging
|
Batting: RHB Troy Reed
|
0-0: Ground out 1-3 (Groundball, 25)
|
Batting: RHB Robert Acosta
|
0-0: Ball 1-0: Ball 2-0: Called Strike 2-1: Swinging Strike 2-2: Ground out 6-3 (Groundball, 6M)
|
Top of the 7th over - 0 run(s), 0 hit(s), 0 error(s), 0 left on base; La Crosse 2 - Red Deer 5 |
BOTTOM OF THE 7TH |
Red Deer Wranglers batting - Pitching for La Crosse Loggers : LHP Marty Blasingame
|
Pitching: RHP Jaime Martínez
|
|
Batting: LHB Greg Nelson
|
0-0: SINGLE (Line Drive, 7S)
|
Batting: LHB Enrico Vargas
|
Error on foul ball, E3 0-1: Ball Wild Pitch! Greg Nelson to second 1-1: Foul Ball, location: 2F 1-2: Ball 2-2: Foul Ball, location: 2F 2-2: Ball 3-2: Base on Balls
|
Batting: LHB Del Kennedy
|
0-0: Grounds into double play, 1-4-3 (Groundball, 15) Greg Nelson to third
|
Batting: RHB Carlos Peńa
|
0-0: Called Strike 0-1: Called Strike 0-2: Ball 1-2: Strikes out swinging
|
Bottom of the 7th over - 0 run(s), 1 hit(s), 1 error(s), 1 left on base; La Crosse 2 - Red Deer 5 |
TOP OF THE 8TH |
La Crosse Loggers batting - Pitching for Red Deer Wranglers : LHP Manuel Gil
|
Batting: RHB Júlio Sánchez
|
0-0: Foul Ball, location: 2F 0-1: Ball 1-1: Ball 2-1: Foul Ball, location: 2F 2-2: Foul Ball, location: 2F 2-2: SINGLE (Line Drive, 9S)
|
Pitching: LHP Denny Welch
|
|
Batting: LHB Brock Miller
|
0-0: Swinging Strike 0-1: Called Strike 0-2: Strikes out swinging
|
Pitching: RHP Brian Just
|
|
Batting: RHB Francisco Rodríguez
|
0-0: Called Strike 0-1: Fly out, F4 (Popup, 4)
|
Batting: RHB Andrés Bustamante
|
0-0: Ball 1-0: Ball 2-0: Ball 3-0: Called Strike 3-1: SINGLE (Line Drive, 78S) Júlio Sánchez to second
|
Batting: RHB Jesús Silva
|
0-0: Ball 1-0: DOUBLE (Flyball, 78D) Júlio Sánchez scores Andrés Bustamante to third Runner from 3rd tries for Home, SAFE, throw made home
|
Batting: RHB Paul Richard
|
0-0: Ball 1-0: Ball 2-0: Swinging Strike 2-1: Foul Ball, location: 2F 2-2: Ball 3-2: Base on Balls
|
Batting: RHB James Jenkins
|
0-0: Fly out, F8 (Popup, 78S)
|
Top of the 8th over - 2 run(s), 3 hit(s), 0 error(s), 2 left on base; La Crosse 4 - Red Deer 5 |
BOTTOM OF THE 8TH |
Red Deer Wranglers batting - Pitching for La Crosse Loggers : RHP Jaime Martínez
|
Batting: LHB Fred Abrams
|
0-0: Ball 1-0: Ball 2-0: Ball 3-0: Base on Balls
|
Pinch Hitting: RHB Todd Bryant
|
0-0: Ball 1-0: Sac Bunt - play at first, batter OUT! 1-4 Fred Abrams to second
|
Batting: RHB Juan Carlos Alfonzo
|
0-0: Ball 1-0: Ball 2-0: Ball 3-0: Called Strike 3-1: Base on Balls
|
Batting: RHB Tom Rowe
|
0-0: Called Strike 0-1: Ball 1-1: Fly out, F2 (Popup, 2RF)
|
Batting: RHB Paul Swift
|
0-0: Ground out 2-3 (Groundball, 23)
|
Bottom of the 8th over - 0 run(s), 0 hit(s), 0 error(s), 2 left on base; La Crosse 4 - Red Deer 5 |
TOP OF THE 9TH |
La Crosse Loggers batting - Pitching for Red Deer Wranglers : RHP Brian Just
|
Pitching: RHP Bernardo Romero
|
|
Now at 1B: Francisco López
|
|
Batting: RHB Troy Reed
|
0-0: DOUBLE (Flyball, 78S)
|
Batting: RHB Robert Acosta
|
0-0: Swinging Strike 0-1: Ball 1-1: Foul Ball, location: 2F 1-2: Strikes out swinging
|
Batting: RHB Júlio Sánchez
|
0-0: Foul Ball, location: 2F 0-1: Fly out, F4 (Popup, 34)
|
Batting: LHB Brock Miller
|
0-0: Swinging Strike 0-1: Called Strike 0-2: Foul Ball, location: 2F 0-2: Ball 1-2: Strikes out looking
|
Top of the 9th over - 0 run(s), 1 hit(s), 0 error(s), 1 left on base; La Crosse 4 - Red Deer 5 |
|